 Dungeon Crawl Stone Soup version 0.25.1-2-g60ff931df9 (webtiles) character file.

Game seed: 10456416443118720431

748 gruber the Charmwright (level 7, -2/56 HPs)
             Began as a Gnoll Skald on Oct 8, 2020.
             Was a Follower of Vehumet.
             Slain by Duvessa
             ... wielding a +0 short sword
              (13 damage)
             ... on level 5 of the Dungeon.
             The game lasted 00:04:49 (4650 turns).

gruber the Charmwright (Gnoll Skald)                Turns: 4650, Time: 00:04:49

Health: -2/56      AC:  5    Str: 14    XL:     7   Next: 77%
Magic:  6/15       EV: 14    Int: 17    God:    Vehumet [*.....]
Gold:   155        SH:  0    Dex: 14    Spells: 9/17 levels left

rFire    . . .     SeeInvis .   v - +2 trident (flame)
rCold    . . .     Gourm    .   (no shield)
rNeg     . . .     Faith    .   b - +0 leather armour
rPois    .         Spirit   .   f - +1 helmet
rElec    .         Reflect  .   (no cloak)
rCorr    .         Harm     .   (no gloves)
MR       .....                  (no boots)
Stlth    ++........             (no amulet)
HPRegen  0.18/turn              (no ring)
MPRegen  0.14/turn              (no ring)

@: very slightly contaminated
A: distributed training, fangs 1, strong nose
a: Renounce Religion


You were on level 5 of the Dungeon.
You worshipped Vehumet.
Vehumet was aware of your devotion.
You were hungry.

You visited 2 branches of the dungeon, and saw 6 of its levels.

You collected 155 gold pieces.

Inventory:

Hand Weapons
 a - a +0 spear
 i - a +0 hunting sling
 q - the +5 mace of the Eel {vorpal, *Corrode rN+ Dex+5}
   (You found it on level 4 of the Dungeon)

   It inflicts extra damage upon your enemies.
   It affects your dexterity (+5).
   It protects you from negative energy.
   It may corrode you when you take damage.
 u - a +3 hand axe of flaming
 v - a +2 trident of flaming (weapon)
Missiles
 k - 149 stones (quivered)
Armour
 b - a +0 leather armour (worn)
 f - a +1 helmet (worn)
Jewellery
 j - an uncursed ring of protection from fire
Wands
 r - a wand of digging (5)
 x - a wand of paralysis (10)
Scrolls
 c - 4 scrolls of teleportation {unknown}
 h - 2 scrolls of fog {unknown}
 s - a scroll of identify {unknown}
 t - 2 scrolls of magic mapping {unknown}
 w - a scroll of noise {unknown}
Potions
 e - 2 potions of degeneration {unknown}
 g - 2 potions of cancellation {unknown}
 l - 2 potions of haste {unknown}
 m - 3 potions of curing {unknown}
 n - a potion of heal wounds {unknown}
 o - a potion of might {unknown}
 p - a potion of berserk rage {unknown}
Comestibles
 d - 7 rations


   Skills:
 + Level 5.3 Fighting
 + Level 2.6 Short Blades
 + Level 2.6 Long Blades
 + Level 2.6 Axes
 + Level 2.6 Maces & Flails
 + Level 5.3 Polearms
 + Level 2.6 Staves
 + Level 2.6 Slings
 + Level 2.6 Bows
 + Level 2.6 Crossbows
 + Level 2.6 Throwing
 + Level 3.7 Armour
 + Level 5.3 Dodging
 + Level 2.6 Stealth
 + Level 2.6 Shields
 + Level 2.6 Unarmed Combat
 + Level 5.7 Spellcasting
 + Level 2.1 Conjurations
 + Level 2.1 Hexes
 + Level 5.9 Charms
 + Level 2.1 Summonings
 + Level 2.1 Necromancy
 + Level 2.1 Translocations
 + Level 2.1 Transmutations
 + Level 2.1 Fire Magic
 + Level 2.1 Ice Magic
 + Level 2.1 Air Magic
 + Level 2.1 Earth Magic
 + Level 2.1 Poison Magic
 + Level 2.9 Invocations
 + Level 2.6 Evocations


You had 9 spell levels left.
You knew the following spells:

 Your Spells              Type           Power        Failure   Level  Hunger
a - Infusion              Chrm           ###.         1%          1    None
b - Song of Slaying       Chrm           ###.....     2%          2    #......
c - Shroud of Golubria    Chrm/Tloc      ###...       4%          2    #......
d - Spectral Weapon       Hex/Chrm       ###.....     10%         3    ##.....

Your spell library contained the following spells:

 Spells                   Type           Power        Failure   Level  Hunger
 Shock                    Conj/Air       ##..         7%          1    None
 Ozocubu's Armour         Chrm/Ice       ###.....     10%         3    ##.....


Dungeon Overview and Level Annotations

Branches:
Dungeon (5/15)             Temple (1/1) D:4

Altars:
Ashenzari
Cheibriados
Dithmenos
Elyvilon
Fedhas
Gozag
Hepliaklqana
Kikubaaqudgha
Makhleb
Nemelex Xobeh
Okawaru
Qazlal
Ru
Sif Muna
Trog
Uskayaw
Vehumet
Wu Jian
Xom
Yredelemnul
Zin
The Shining One

Annotations:
D:5 Duvessa


Innate Abilities, Weirdness & Mutations

Your experience applies equally to all skills.
You have very sharp teeth.
Your uncanny sense of smell can sniff out nearby items.


Message History

You are very lightly contaminated with residual magic.
Nothing appears to happen.
Duvessa hits you with a +0 short sword. Duvessa hits you with a +0 short sword!
Unknown command.
Unknown command.
Unknown command.
Unknown command.
Casting: Spectral Weapon (dangerous; 10% risk of failure)
Confirm with . or Enter, or press ? or * to list all spells.
You miscast Spectral Weapon.
Nothing appears to happen.
You are feeling hungry.
Duvessa hits you with a +0 short sword!
* * * LOW HITPOINT WARNING * * *
Unknown command.
Unknown command.
Unknown command.
Casting: Spectral Weapon (dangerous; 10% risk of failure)
Confirm with . or Enter, or press ? or * to list all spells.
You draw out your weapon's spirit!
Duvessa hits you with a +0 short sword!
You die...

##..#.#. ..... #.....##
.... ..##.....#. ...
#...#....... ..#
...........#
..#####.#.........# ∆
#..#....#..........
#.e.....#.......... ∆
#.@(.#####.......÷. .
#......#...........
...<...#....#.##........
.......##.....####......
≈...... ##....#.##......
........#..##....#......
.........<..##........<.
≈..##.......##......)...
≈..............>........


You could see Duvessa (berserk) and a friendly spectral +2 trident of flaming.

Vanquished Creatures
  An ogre (D:5)
  A necrophage (D:5)
  Blork the orc (D:4)
  Dowan (D:5)
  A scorpion (D:4)
  A howler monkey (D:4)
  A crimson imp (D:5)
  An orc priest (D:5)
  A hound (D:4)
  Ijyb (D:4)
  An iguana (D:3)
  A worker ant (D:5)
  A worker ant zombie (D:5)
  11 adders
  2 shadow imps (D:5)
  4 worms
  A dart slug (D:2)
  5 leopard geckos
  8 orcs
  7 bats
  2 giant cockroaches
  2 goblins (D:2)
  8 hobgoblins
  9 jackals
  4 kobolds
  4 quokkas
  6 frilled lizards
  A leopard gecko skeleton (D:4)
  3 rats
90 creatures vanquished.

Vanquished Creatures (others)
  2 spectral weapons (D:5)
2 creatures vanquished.

Grand Total: 92 creatures vanquished

Notes
Turn   | Place    | Note
-------+----------+-------------------------------------------
     0 | D:1      | gruber the Gnoll Skald began the quest for the Orb.
     0 | D:1      | Reached XP level 1. HP: 20/20 MP: 6/6
   154 | D:1      | You fall into a shaft and drop 1 floor!
   154 | D:2      | Found a sacrificial altar of Ru.
   163 | D:2      | Reached XP level 2. HP: 20/26 MP: 1/7
   412 | D:2      | Reached XP level 3. HP: 31/31 MP: 9/9
   434 | D:2      | Reached skill level 5 in Spellcasting
   464 | D:2      | Reached skill level 1 in Invocations
   471 | D:2      | Learned a level 2 spell: Song of Slaying
   474 | D:2      | Learned a level 2 spell: Shroud of Golubria
   478 | D:2      | Learned a level 3 spell: Spectral Weapon
   594 | D:2      | Reached skill level 1 in Short Blades
   594 | D:2      | Reached skill level 1 in Long Blades
   594 | D:2      | Reached skill level 1 in Axes
   594 | D:2      | Reached skill level 1 in Maces & Flails
   594 | D:2      | Reached skill level 1 in Staves
   594 | D:2      | Reached skill level 1 in Slings
   594 | D:2      | Reached skill level 1 in Bows
   594 | D:2      | Reached skill level 1 in Crossbows
   594 | D:2      | Reached skill level 1 in Throwing
   594 | D:2      | Reached skill level 1 in Stealth
   594 | D:2      | Reached skill level 1 in Shields
   594 | D:2      | Reached skill level 1 in Unarmed Combat
   594 | D:2      | Reached skill level 1 in Evocations
   681 | D:2      | Reached XP level 4. HP: 35/38 MP: 11/11
  1390 | D:3      | Reached skill level 1 in Conjurations
  1390 | D:3      | Reached skill level 1 in Hexes
  1390 | D:3      | Reached skill level 1 in Summonings
  1390 | D:3      | Reached skill level 1 in Necromancy
  1390 | D:3      | Reached skill level 1 in Translocations
  1390 | D:3      | Reached skill level 1 in Transmutations
  1390 | D:3      | Reached skill level 1 in Fire Magic
  1390 | D:3      | Reached skill level 1 in Ice Magic
  1390 | D:3      | Reached skill level 1 in Air Magic
  1390 | D:3      | Reached skill level 1 in Earth Magic
  1390 | D:3      | Reached skill level 1 in Poison Magic
  1505 | D:3      | Reached XP level 5. HP: 18/43 MP: 5/12
  2895 | D:4      | Got an iridescent mace
  2896 | D:4      | Identified the +5 mace of the Eel {vorpal, *Corrode rN+
                  | Dex+5} (You found it on level 4 of the Dungeon)
  3031 | D:4      | Reached XP level 6. HP: 38/50 MP: 13/13
  3269 | D:4      | Noticed Ijyb
  3278 | D:4      | Killed Ijyb
  3316 | D:4      | Found a blossoming altar of Fedhas.
  3317 | D:4      | Found a hazy altar of Hepliaklqana.
  3318 | D:4      | Found a glowing silver altar of Zin.
  3360 | D:4      | Found a staircase to the Ecumenical Temple.
  3376 | Temple   | Entered the Ecumenical Temple
  3384 | Temple   | Became a worshipper of Vehumet
  3505 | D:4      | Noticed Blork the orc
  3513 | D:4      | Killed Blork the orc
  3513 | D:4      | Reached skill level 5 in Fighting
  3513 | D:4      | Reached skill level 5 in Polearms
  3513 | D:4      | Reached skill level 5 in Dodging
  3969 | D:5      | Entered Level 5 of the Dungeon
  4047 | D:5      | Reached XP level 7. HP: 42/56 MP: 10/15
  4335 | D:5      | Reached * piety under Vehumet
  4335 | D:5      | Offered knowledge of Shock by Vehumet.
  4632 | D:5      | Noticed Dowan
  4637 | D:5      | Killed Dowan
  4637 | D:5      | Noticed Duvessa
  4650 | D:5      | Slain by Duvessa

Illustrated notes

Levels and vault maps discovered:
D:1:      matt_arrival_spirals, layout_loops_ring, solitary_fountain,
          kennysheep_flooded_box, chequers_serial_rivers_large_a
D:2:      layout_loops_ring, nicolae_ru_sacrificial_ziggurat, first_ration
D:3:      wad_river_or_something, layout_rooms, minmay_misc_feat_secret_circle
D:4:      layout_layer_cave, chequers_temple_overflow_statue_of_worship,
          minmay_temple_entry_waves, minmay_strange_pillars, uniq_blork_the_orc,
          uniq_ijyb
D:5:      layout_cave_pools, portal_sewer_entry_a,
          nicolae_qazlal_general_emergency, uniq_duvessa
Temple:   nicolae_temple_no_exploring_needed

Skill      XL: |  1  2  3  4  5  6  7 |
---------------+----------------------+-----
Spellcasting   | 5 |  5.7
Invocations    | 1 2 |  2.9
Short Blades   | 1 2 |  2.6
Long Blades    | 1 2 |  2.6
Axes           | 1 2 |  2.6
Maces & Flails | 1 2 |  2.6
Staves         | 1 2 |  2.6
Slings         | 1 2 |  2.6
Bows           | 1 2 |  2.6
Crossbows      | 1 2 |  2.6
Throwing       | 1 2 |  2.6
Stealth        | 1 2 |  2.6
Shields        | 1 2 |  2.6
Unarmed Combat | 1 2 |  2.6
Evocations     | 1 2 |  2.6
Conjurations   | 1 2 |  2.1
Hexes          | 1 2 |  2.1
Summonings     | 1 2 |  2.1
Necromancy     | 1 2 |  2.1
Translocations | 1 2 |  2.1
Transmutations | 1 2 |  2.1
Fire Magic     | 1 2 |  2.1
Ice Magic      | 1 2 |  2.1
Air Magic      | 1 2 |  2.1
Earth Magic    | 1 2 |  2.1
Poison Magic   | 1 2 |  2.1
Armour         | 3 |  3.7
Fighting       | 5 |  5.3
Polearms       | 5 |  5.3
Dodging        | 5 |  5.3
Charms         | |  5.9

Action                   |  1- 3 |  4- 6 |  7- 9 || total
-------------------------+-------+-------+-------++-------
Melee: Spear             |    91 |   126 |       ||   217
       Bite              |     7 |    15 |     3 ||    25
       Mace              |       |    43 |     5 ||    48
       Punch             |       |     2 |     1 ||     3
       Trident           |       |       |    39 ||    39
       Hand axe          |       |       |    10 ||    10
 Fire: Hunting sling     |       |    33 |       ||    33
 Cast: Infusion          |     2 |     3 |       ||     5
       Spectral Weapon   |       |    17 |     6 ||    23
       Song of Slaying   |       |     1 |     1 ||     2
       Shroud of Golubri |       |       |     1 ||     1
 Stab: Sleeping          |       |     3 |     1 ||     4
       Distracted        |       |     2 |     1 ||     3
  Eat: Chunk             |       |    11 |     2 ||    13
Armor: Leather armour    |    20 |    23 |    12 ||    55
Dodge: Dodged            |    46 |   112 |    39 ||   197
